 Dungeon Crawl Stone Soup version 0.20.1-1-g8b1a95d (webtiles) character file.

14574 Folque the Thaumaturge (level 12, 0/108 HPs)
             Began as an Octopode Wizard on Nov 6, 2017.
             Was a High Priest of Sif Muna.
             Succumbed to a black mamba's poison
             ... on level 4 of the Lair of Beasts on Nov 7, 2017.
             The game lasted 01:59:20 (19072 turns).

Folque the Thaumaturge (Octopode Wizard)           Turns: 19072, Time: 01:59:21

Health: 0/108      AC:  2    Str: 11    XL:     12   Next: 17%
Magic:  1/27       EV: 13    Int: 27    God:    Sif Muna [*****.]
Gold:   806        SH:  4    Dex: 10    Spells: 1/33 levels left

rFire    + + .     SeeInvis .   Y - +10 hand axe "Raf Ydi" {freeze, rElec Int+3}
rCold    . . .     Gourm    .   (no shield)
rNeg     . . .     Faith    .   a - +1 hat
rPois    .         Spirit   .   (no amulet)
rElec    +         Reflect  .   q - ring of protection from fire
rCorr    .         Harm     .   J - ring of wizardry
MR       .....                  N - ring of protection from cold
Stlth    ..........             M - ring "Uciupos" {rElec Slay+5}
Regen    0.3/turn               d - ring of fire
MPRegen  0.2/turn               (no ring)
                                (no ring)
                                (no ring)

@: berserking, lethally poisoned (0 -> -24), no casting, very quick
A: almost no armour, stealthy swim, amphibious, 8 rings, constrict 8, large bone
plates 1, camouflage 1, clumsy 1, gelatinous body 1
a: Stop Divine Energy, Channel Magic, Forget Spell, Renounce Religion


You were on level 4 of the Lair of Beasts.
You worshipped Sif Muna.
Sif Muna was extremely pleased with you.
You were near starving.

You visited 3 branches of the dungeon, and saw 15 of its levels.
You also visited: Sewer.

You collected 806 gold pieces.

Inventory:

Hand Weapons
 R - a +1 scimitar of flaming
 Y - the +10 hand axe "Raf Ydi" (weapon) {freeze, rElec Int+3}
   (You found it on level 1 of the Lair of Beasts)

   It has been specially enchanted to freeze those struck by it, causing extra
   injury to most foes and up to half again as much damage against particularly
   susceptible opponents.
   It can also slow down cold-blooded creatures.
   It affects your intelligence (+3).
   It insulates you from electricity.
Missiles
 u - 6 poisoned javelins (quivered)
Armour
 a - a +1 hat (worn)
Jewellery
 d - a ring of fire (on tentacle)
 q - a ring of protection from fire (left tentacle)
 J - a ring of wizardry (right tentacle)
 M - the ring "Uciupos" (on tentacle) {rElec Slay+5}
   (You found it on level 8 of the Dungeon)

   [ring of slaying]

   It affects your accuracy and damage with ranged weapons and melee attacks
   (+5).
   It insulates you from electricity.
 N - a ring of protection from cold (on tentacle)
Wands
 j - a wand of acid (10/15)
 y - a wand of iceblast (5/15)
 F - a wand of flame (0/48)
 I - a wand of confusion (25/48)
 T - a wand of acid (9/15)
 U - a wand of enslavement (13/24)
 V - a wand of polymorph (15/24)
Scrolls
 g - a scroll of fear
 h - 2 scrolls of silence {unknown}
 k - 7 scrolls of teleportation
 C - 3 scrolls of fog
 G - 2 scrolls of remove curse
 K - 2 scrolls of enchant armour
 P - 3 scrolls of blinking {unknown}
Potions
 e - a potion of cancellation
 l - a potion of magic {unknown}
 m - 3 potions of brilliance
 p - a potion of berserk rage
 t - 2 potions of degeneration {unknown}
 w - 3 potions of agility
 z - 4 potions of flight
 B - 4 potions of haste
 E - a potion of resistance {unknown}
 H - 2 potions of might {unknown}
 L - a potion of invisibility {unknown}
Books
 b - a book of Minor Magic

   Spells                             Type                      Level
   a - Magic Dart                     Conjuration                  1
   b - Blink                          Translocation                2
   c - Call Imp                       Summoning                    2
   d - Slow                           Hexes                        2
   e - Conjure Flame                  Conjuration/Fire             3
   f - Mephitic Cloud                 Conjuration/Poison/Air       3
 x - a book of Callings

   Spells                             Type                      Level
   a - Summon Small Mammal            Summoning                    1
   b - Call Imp                       Summoning                    2
   c - Call Canine Familiar           Summoning                    3
   d - Summon Guardian Golem          Hexes/Summoning              3
   e - Summon Lightning Spire         Summoning/Air                4
   f - Summon Ice Beast               Ice/Summoning                4
 O - a book of Battle

   Spells                             Type                      Level
   a - Infusion                       Charms                       1
   b - Shroud of Golubria             Charms/Translocation         2
   c - Song of Slaying                Charms                       2
   d - Spectral Weapon                Hexes/Charms                 3
   e - Regeneration                   Charms/Necromancy            3
 X - Sif Muna's Compendium of Creative Confrontation
   (Sif Muna gifted it to you on level 1 of the Lair of Beasts)

   Spells                             Type                      Level
   a - Sticky Flame                   Conjuration/Fire             4
   b - Summon Forest                  Summoning/Translocation      5
   c - Summon Demon                   Summoning                    5
   d - Freezing Cloud                 Conjuration/Ice/Air          6
   e - Poison Arrow                   Conjuration/Poison           6
   f - Dragon's Call                  Summoning                    9
 Z - a book of Maledictions

   Spells                             Type                      Level
   a - Corona                         Hexes                        1
   b - Ensorcelled Hibernation        Hexes/Ice                    2
   c - Confuse                        Hexes                        3
   d - Tukima's Dance                 Hexes                        3
   e - Dazzling Spray                 Conjuration/Hexes            3
Miscellaneous
 Q - a crystal ball of energy
Comestibles
 c - 7 bread rations
 o - 8 meat rations
 r - 24 fruits
 v - 4 royal jellies


   Skills:
 - Level 3.2 Fighting
 - Level 2.0 Dodging
 - Level 2.6 Stealth
 - Level 11.1 Spellcasting
 * Level 10.2 Conjurations
 - Level 4.0 Charms
 - Level 8.1 Summonings
 - Level 1.0 Translocations
 + Level 3.0 Ice Magic
 * Level 2.1 Air Magic
 - Level 3.0 Poison Magic
 - Level 5.0 Invocations


You had one spell level left.
You knew the following spells:

 Your Spells              Type           Power        Failure   Level  Hunger
a - Magic Dart            Conj           ####         1%          1    None
b - Call Imp              Summ           ######..     1%          2    None
c - Blink                 Tloc           N/A          1%          2    None
d - Mephitic Cloud        Conj/Pois/Air  #####...     1%          3    None
e - Summon Ice Beast      Ice/Summ       #####...     1%          4    None
f - Summon Lightning Spi  Summ/Air       #####...     1%          4    None
g - Regeneration          Chrm/Necr      ####......   1%          3    None
h - Shroud of Golubria    Chrm/Tloc      ####......   1%          2    None
i - Summon Forest         Summ/Tloc      #####.....   6%          5    ###....
j - Freezing Cloud        Conj/Ice/Air   #####.....   26%         6    #####..


Dungeon Overview and Level Annotations

Branches:
Dungeon (10/15)            Temple (1/1) D:5            Lair (4/6) D:10
 Shoals (0/4) Lair:2          Orc (0/2) D:9
  Snake: Lair:2-4    Spider: Lair:2-4

Altars:
Ashenzari
Cheibriados
Dithmenos
Elyvilon
Fedhas
Gozag
Hepliaklqana
Kikubaaqudgha
Makhleb
Nemelex Xobeh
Okawaru
Qazlal
Ru
Sif Muna
Trog
Uskayaw
Vehumet
Xom
Yredelemnul
Zin
The Shining One

Shops:
D:5 %


Innate Abilities, Weirdness & Mutations

You cannot wear most types of armour.
You are very stealthy in the water. (Stealth+)
You are amphibious.
You can wear up to eight rings at the same time.
You can use your tentacles to constrict eight enemies at once.
Your skin changes colour to match your surroundings (Stealth+).
Your rubbery body absorbs attacks. (AC +1, EV +1)
You are partially covered in large bone plates. (SH +4)
You are clumsy. (Dex -2)


Message History

Casting: Summon Forest
Confirm with . or Enter, or press ? or * to list all spells.
Aiming: Freezing Cloud
Press: ? - help, Dir - move target cursor, f/p - black mamba
Aim: a black mamba (moderately wounded)
You miscast Freezing Cloud.
Sif Muna protects you from the effects of your miscast!
Sif Muna grants you divine energy.
You briefly lose access to your magic!
* * * LOW HITPOINT WARNING * * *
You feel sick.
A red film seems to cover your vision as you go berserk!
You feel yourself moving faster!
You feel mighty!
You feel sick. The black mamba bites you!!
* * * LOW HITPOINT WARNING * * *
You are more poisoned.
The black mamba poisons you!
Unknown command.
You feel a strong urge to attack something.
You die...

###.##....#.
.....#..... P
........... PP
.......... .P
....F....♣♣♣ ..#
#........ ..#
..##.....♣♣♣♣♣♣♣♣♣..#
......)@............#
.P####.#.S.Y<..#...##
#####Y.....## #
##....#.# ♣#...###
##.## ###


You could see a black mamba, a spiny frog and 2 friendly ice beasts.

Vanquished Creatures
  Erolcha (D:9)
  A hydra (Lair:4)
  2 two-headed ogres
  2 elephants (Lair:2)
  A gargoyle (D:10)
  2 spiny frogs
  A tengu conjurer (D:10)
  Grinder (D:6)
  3 blink frogs (Lair:2)
  A hippogriff (Lair:4)
  A redback (Lair:4)
  5 yaks
  A warg (D:9)
  3 water moccasins
  2 porcupines
  An ice beast (D:9)
  3 orc warriors
  3 ogres (D:4)
  A phantom (D:4)
  2 wolves (Lair:3)
  A centaur (Lair:2)
  A crocodile (Lair:2)
  Blork the orc (D:5)
  6 bullfrogs
  5 scorpions
  6 crimson imps
  2 bullfrog zombies
  A centaur skeleton (D:7)
  A centaur zombie (D:10)
  2 hounds
  2 orc wizards
  5 orc priests
  2 iguanas
  2 merfolk sirens (Sewer)
  7 worker ants
  A merfolk avatar (Sewer)
  A hound zombie (D:10)
  A hound skeleton (D:10)
  A worker ant zombie (D:9)
  A gnoll (D:5)
  8 adders
  A river rat (Sewer)
  A shadow imp (D:10)
  2 oozes
  2 adder skeletons
  3 dart slugs
  6 leopard geckos
  22 orcs
  8 giant cockroaches
  12 goblins
  4 hobgoblins
  14 jackals
  11 kobolds
  A quokka (D:2)
  5 ball pythons
  9 bats
  6 frilled lizards
  A goblin zombie (D:8)
  A quokka zombie (D:8)
  28 rats
  A fungus (Lair:1)
  2 plants (D:1)
234 creatures vanquished.

Vanquished Creatures (collateral kills)
  Erica (D:9)
  2 two-headed ogres
  3 elephants (Lair:2)
  4 spiny frogs
  A komodo dragon (Lair:3)
  A polar bear (Lair:4)
  2 blink frogs (Lair:2)
  A redback (Lair:4)
  6 hippogriffs
  3 wyverns
  8 yaks
  A hungry ghost (D:3)
  Menkaure (D:5)
  8 water moccasins
  3 porcupines
  An ice beast (D:7)
  3 orc warriors
  2 sky beasts (D:9)
  4 wolves (Lair:3)
  An ogre (D:7)
  2 centaurs (Lair:2)
  2 crocodiles (Lair:1)
  A wyvern zombie (D:10)
  11 bullfrogs
  A scorpion (D:6)
  5 wights (D:10)
  7 electric eels
  2 hounds (D:10)
  4 jellies
  A bullfrog skeleton (D:8)
  2 centaur skeletons
  4 orc priests
  2 orc wizards
  An iguana (D:7)
  A worker ant (D:7)
  3 gnolls (D:6)
  4 adders
  An adder skeleton (D:8)
  2 dart slugs (D:1)
  2 worms (D:2)
  11 orcs
  A ball python (Sewer)
  2 giant cockroaches
  3 jackals
  A quokka (D:7)
  A kobold (D:1)
  A rat (Sewer)
  A bush (Lair:3)
  2 fungi
  4 plants
141 creatures vanquished.

Vanquished Creatures (others)
  2 fungi
  7 plants
  4 snaplasher vines
13 creatures vanquished.

Grand Total: 388 creatures vanquished

Notes
Turn   | Place    | Note
-------+----------+-------------------------------------------
     0 | D:1      | Folque the Octopode Wizard began the quest for the Orb.
     0 | D:1      | Reached XP level 1. HP: 11/11 MP: 4/4
   115 | D:1      | Reached skill level 1 in Fighting
   136 | D:1      | Reached XP level 2. HP: 9/18 MP: 3/6
   140 | D:1      | Learned a level 2 spell: Call Imp
   143 | D:1      | Learned a level 2 spell: Blink
   509 | D:1      | Reached XP level 3. HP: 24/24 MP: 7/7
   514 | D:1      | Learned a level 3 spell: Mephitic Cloud
   906 | D:1      | Reached skill level 1 in Poison Magic
  1044 | D:2      | Reached XP level 4. HP: 27/29 MP: 3/9
  1819 | D:3      | Reached XP level 5. HP: 31/34 MP: 10/10
  2853 | D:4      | Noticed an ogre
  2873 | D:4      | Killed an ogre
  2873 | D:4      | Reached XP level 6. HP: 7/39 MP: 1/11
  3072 | D:4      | Found a glowing drain.
  3081 | Sewer    | Entered a sewer
  3227 | Sewer    | Reached skill level 4 in Spellcasting
  4337 | D:5      | Entered Level 5 of the Dungeon
  4417 | D:4      | Reached XP level 7. HP: 21/46 MP: 1/13
  4682 | D:4      | Learned a level 4 spell: Summon Ice Beast
  4851 | D:4      | Noticed a hungry ghost
  4950 | D:3      | Killed a hungry ghost
  4961 | D:3      | Reached skill level 1 in Ice Magic
  5520 | D:5      | Noticed Blork the orc
  5533 | D:5      | Killed Blork the orc
  5533 | D:5      | Reached XP level 8. HP: 52/52 MP: 8/14
  5535 | D:5      | Noticed Menkaure
  5865 | D:5      | Killed Menkaure
  5865 | D:5      | Reached skill level 5 in Summonings
  6141 | D:5      | Found Huqixor's Food Boutique.
  6440 | D:5      | Found a staircase to the Ecumenical Temple.
  6449 | Temple   | Entered the Ecumenical Temple
  6520 | Temple   | Became a worshipper of Sif Muna the Loreminder
  7536 | D:6      | Noticed Grinder
  7610 | D:6      | Killed Grinder
  7882 | D:6      | Noticed a wyvern
  7886 | D:6      | Reached * piety under Sif Muna
  8038 | D:6      | Killed a wyvern
  8038 | D:6      | Reached XP level 9. HP: 57/57 MP: 3/15
  8061 | D:6      | Learned a level 4 spell: Summon Lightning Spire
  8413 | D:6      | Reached skill level 1 in Air Magic
  8699 | D:7      | Reached skill level 5 in Conjurations
  9567 | D:7      | Reached skill level 5 in Spellcasting
  9643 | D:8      | Noticed a two-headed ogre
  9655 | D:8      | Reached ** piety under Sif Muna
  9910 | D:7      | Gained mutation: You are clumsy. (Dex -2) [potion of mutation]
  9910 | D:7      | Gained mutation: You are partially covered in large bone plates. (SH +4) [potion of mutation]
  9925 | D:7      | Reached skill level 6 in Spellcasting
 10179 | D:8      | Killed a two-headed ogre
 10179 | D:8      | Reached skill level 7 in Spellcasting
 10347 | D:8      | Got a warped lead ring
 10370 | D:8      | Identified a scroll of acquirement
 10836 | D:9      | Noticed a two-headed ogre
 10845 | D:9      | Killed a two-headed ogre
 10845 | D:9      | Reached *** piety under Sif Muna
 10845 | D:9      | Reached skill level 8 in Spellcasting
 10845 | D:9      | Reached XP level 10. HP: 63/63 MP: 10/22
 10848 | D:9      | Identified the ring "Uciupos" {rElec Slay+5} (You found it on level 8 of the Dungeon)
 10951 | D:9      | Noticed Erolcha
 10990 | D:9      | Killed Erolcha
 11072 | D:9      | Found a staircase to the Orcish Mines.
 11110 | D:9      | Reached skill level 9 in Spellcasting
 11386 | D:9      | Noticed Erica
 11420 | D:9      | Killed Erica
 11940 | D:9      | Reached **** piety under Sif Muna
 12057 | D:10     | Entered Level 10 of the Dungeon
 12577 | D:10     | Noticed a two-headed ogre
 12631 | D:10     | Killed a two-headed ogre
 12631 | D:10     | Reached skill level 5 in Invocations
 12636 | D:10     | Learned a level 3 spell: Regeneration
 12639 | D:10     | Learned a level 2 spell: Shroud of Golubria
 12766 | D:10     | Noticed a gargoyle
 12787 | D:10     | Killed a gargoyle
 12787 | D:10     | Reached skill level 1 in Charms
 12950 | D:10     | Reached XP level 11. HP: 67/67 MP: 8/24
 13527 | D:10     | Found a staircase to the Lair.
 13871 | D:10     | Reached skill level 10 in Spellcasting
 14022 | D:10     | Noticed a two-headed ogre
 14028 | D:10     | Killed a two-headed ogre
 14309 | Lair:1   | Entered Level 1 of the Lair of Beasts
 14451 | Lair:1   | Reached ***** piety under Sif Muna
 14604 | Lair:1   | Identified Sif Muna's Compendium of Creative Confrontation (Sif Muna gifted it to you on level 1 of the Lair of Beasts)
 14604 | Lair:1   | Received a gift from Sif Muna
 14612 | Lair:1   | Learned a level 5 spell: Summon Forest
 14979 | Lair:1   | Got a smoking hand axe
 14980 | Lair:1   | Identified the +10 hand axe "Raf Ydi" {freeze, rElec Int+3} (You found it on level 1 of the Lair of Beasts)
 16567 | Lair:2   | Found a staircase to the Shoals.
 17929 | Lair:3   | Reached XP level 12. HP: 61/72 MP: 15/26
 18628 | Lair:4   | Reached skill level 11 in Spellcasting
 18632 | Lair:4   | Reached skill level 10 in Conjurations
 19016 | Lair:4   | Noticed a five-headed hydra
 19029 | Lair:4   | Learned a level 6 spell: Freezing Cloud
 19033 | Lair:4   | Killed a five-headed hydra
 19071 | Lair:4   | HP: 1/108 [black mamba (19)]
 19072 | Lair:4   | Succumbed to a black mamba's poison

Skill      XL: |  1  2  3  4  5  6  7  8  9 10 11 12 |
---------------+-------------------------------------+-----
Fighting       | 1 2 3 |  3.2
Poison Magic   | 1 2 3 |  3.0
Conjurations   | 2 3 4 5 6 9 10 | 10.2
Spellcasting   | 4 8 9 10 11 | 11.1
Summonings     | 2 4 8 |  8.1
Ice Magic      | 2 3 |  3.0
Air Magic      | 2 |  2.1
Invocations    | 5 |  5.0
Charms         | 1 4 |  4.0
Dodging        | |  2.0
Stealth        | |  2.6
Translocations | |  1.0

Action                   |  1- 3 |  4- 6 |  7- 9 | 10-12 || total
-------------------------+-------+-------+-------+-------++-------
Melee: Dagger            |    99 |   187 |   202 |    19 ||   507
       Tentacles         |    20 |    22 |    40 |    16 ||    98
       Constrict         |    18 |    54 |    49 |    37 ||   158
       Club              |     2 |       |       |       ||     2
       Scimitar          |       |       |       |    81 ||    81
       Hand axe          |       |       |       |    65 ||    65
Throw: Javelin           |       |     1 |       |       ||     1
 Cast: Magic Dart        |    10 |    11 |    14 |     3 ||    38
       Call Imp          |     8 |    12 |    42 |     5 ||    67
       Mephitic Cloud    |     1 |     9 |    27 |    35 ||    72
       Blink             |       |     6 |    18 |    10 ||    34
       Summon Ice Beast  |       |       |    26 |    75 ||   101
       Summon Lightning  |       |       |     5 |    12 ||    17
       Shroud of Golubri |       |       |       |     9 ||     9
       Summon Forest     |       |       |       |     8 ||     8
       Regeneration      |       |       |       |     1 ||     1
       Freezing Cloud    |       |       |       |     1 ||     1
Invok: Divine Energy     |       |       |     1 |       ||     1
Evoke: Wand              |       |       |     7 |     6 ||    13
  Use: Scroll            |       |     5 |    12 |    12 ||    29
       Potion            |       |     1 |     8 |     1 ||    10
 Stab: Sleeping          |     3 |    15 |     3 |       ||    21
       Distracted        |       |     1 |       |       ||     1
       Confused          |       |     2 |     7 |     5 ||    14
  Eat: Chunk             |       |    12 |    16 |    20 ||    48
       Fruit             |       |       |     6 |     3 ||     9
       Royal jelly       |       |       |     1 |       ||     1
       Bread ration      |       |       |     1 |     1 ||     2
Armor: Skin              |     5 |    11 |     9 |    10 ||    35
Dodge: Dodged            |    30 |    98 |   139 |   106 ||   373
Block: Other             |       |       |     3 |    23 ||    26
       Rpst.: Scimitar   |       |       |       |    14 ||    14
